 Dungeon Crawl Stone Soup version 0.20-b1-2-gc5a9893 (webtiles) character file.

6357 manyhoops the Cutter (level 10, -1/51 HPs)
             Began as a Vine Stalker Enchanter on May 21, 2017.
             Was a Believer of Dithmenos.
             Slain by a six-headed hydra (10 damage)
             ... on level 1 of the Lair of Beasts.
             The game lasted 00:21:06 (7932 turns).

manyhoops the Cutter (Vine Stalker Enchanter)       Turns: 7932, Time: 00:21:06

Health: -1/51      AC:  8    Str: 10    XL:     10   Next: 96%
Magic:  0/21       EV: 17    Int: 16    God:    Dithmenos [**....]
Gold:   489        SH:  8    Dex: 18    Spells: 10/22 levels left

rFire    . . .     SeeInvis .   H - +3 dagger (venom)
rCold    . . .     Gourm    .   m - +0 buckler
rNeg     . . .     Faith    .   b - +0 robe
rPois    .         Spirit   +   q - +0 helmet
rElec    .         Reflect  +   D - +1 cloak
rCorr    .         Harm     .   e - +2 pair of gloves
MR       +....                  (no boots)
Stlth    +++++.....             w - +2 amulet of reflection
Regen    0.6/turn               s - ring of wizardry
MPRegen  0.2/turn               (no ring)

@: wreathed by umbra
A: fangs 3, regeneration 1, magic shield, antimagic bite, no potion heal 3, rot
immunity
a: Shadow Step, Renounce Religion


You were on level 1 of the Lair of Beasts.
You worshipped Dithmenos.
Dithmenos was pleased with you.
You were not hungry.

You visited 2 branches of the dungeon, and saw 10 of its levels.

You collected 748 gold pieces.
You spent 259 gold pieces at shops.

Inventory:

Hand Weapons
 i - a +0 rapier
 H - a +3 dagger of venom (weapon)
Armour
 b - a +0 robe (worn)
 e - a +2 pair of gloves (worn)
 m - a +0 buckler (worn)
 q - a +0 helmet (worn)
 D - a +1 cloak (worn)
Jewellery
 s - a ring of wizardry (left hand)
 w - a +2 amulet of reflection (around neck)
Wands
 p - a wand of lightning (0/15)
 t - a wand of enslavement (8/24)
Scrolls
 a - 2 scrolls of identify
 g - 12 scrolls of remove curse
 j - a scroll of magic mapping
 l - 2 scrolls of fear {unknown}
 o - a scroll of recharging
 u - a scroll of noise
 y - a scroll of amnesia {unknown}
 F - 2 scrolls of fog
 I - 2 scrolls of teleportation {unknown}
 J - a scroll of enchant armour
Potions
 f - 3 potions of flight
 k - a potion of magic
 r - 2 potions of agility
 v - 3 potions of degeneration {unknown}
 x - 2 potions of lignification {unknown}
 z - 3 potions of berserk rage
 A - a potion of cancellation
 B - 2 potions of might
 C - a potion of ambrosia
 E - 2 potions of haste
 G - 3 potions of curing
 L - a potion of invisibility {unknown}
 N - a potion of brilliance {unknown}
Books
 c - a book of Maledictions

   Spells                             Type                      Level
   a - Corona                         Hexes                        1
   b - Ensorcelled Hibernation        Hexes/Ice                    2
   c - Confuse                        Hexes                        3
   d - Tukima's Dance                 Hexes                        3
   e - Dazzling Spray                 Conjuration/Hexes            3
Comestibles
 d - 11 bread rations
 h - 7 royal jellies
 n - 4 meat rations
 K - 2 fruits
 M - a chunk of flesh


   Skills:
 - Level 4.6 Fighting
 - Level 7.9 Short Blades
 + Level 7.3 Dodging
 + Level 7.3 Stealth
 - Level 4.5 Shields
 - Level 6.6 Spellcasting
 - Level 3.0 Hexes


You had 10 spell levels left.
You knew the following spells:

 Your Spells              Type           Power        Failure   Level  Hunger
a - Corona                Hex            ##.....      1%          1    None
b - Ensorcelled Hibernat  Hex/Ice        ##....       4%          2    None
c - Confuse               Hex            ##......     4%          3    ##.....
d - Tukima's Dance        Hex            ##......     4%          3    ##.....
e - Dazzling Spray        Conj/Hex       ##....       9%          3    ##.....


Dungeon Overview and Level Annotations

Branches:
Dungeon (9/15)             Temple (0/1) D:5            Lair (1/6) D:8
    Orc: D:9-12

Altars:
Ashenzari
Dithmenos
Gozag
Makhleb
Trog
Zin

Shops:
D:5 (   D:7 %((!?


Innate Abilities, Weirdness & Mutations

You have razor-sharp teeth.
Your natural rate of healing is unusually fast.
When hurt, damage is shared between your health and your magic reserves.
Your bite disrupts and absorbs the magic of your enemies.
Potions cannot restore your health.
You are immune to rotting.


Message History

Aim: a six-headed hydra (almost dead, umbra) Nothing appears to happen.
The six-headed hydra closely misses you.
The six-headed hydra bites you!
* * * LOW HITPOINT WARNING * * *
The six-headed hydra misses you. The six-headed hydra bites you.
* * * LOW HITPOINT WARNING * * *
The six-headed hydra closely misses you.
The six-headed hydra barely misses you.
Casting: Ensorcelled Hibernation
Confirm with . or Enter, or press ? or * to list all spells.
Aiming: Dazzling Spray
Press: ? - help, Shift-Dir - straight line, f/p - six-headed hydra
Aim: a six-headed hydra (almost dead, umbra)
The spray of energy hits the six-headed hydra.
The six-headed hydra is almost dead.
The six-headed hydra closely misses you.
You block the six-headed hydra's attack.
The six-headed hydra misses you. x2; The six-headed hydra bites you!
You die...

#.# #.## ###..#####..# ..# ..#
##.# #.#........# #.# . #.###..#
###.#..#..#.# #.# #. .......#
###..#.#......## #.# ..
#.#########.P...#.###....###.###.
#..# #......#..###......##.##..
#..# #..######.###.#..#.##.###.
#†## #.## #D.##.....#........ ..#
#.# #.@###....##....... ..# ##.#
###..##.....##....... .## #.†#
#....###.#..##.#..... ..# ###.#
#..### #.#..##..##... .##
#.#.####.## ###....##....... .#
#.........###.##...#####.##. .#
##.P...........##...# ####.
.####....P#.............# #.
.##......##.............########.


You could see a six-headed hydra.

Vanquished Creatures
  A two-headed ogre (D:9)
  A black mamba (Lair:1)
  2 spiny frogs (Lair:1)
  A komodo dragon (Lair:1)
  A hippogriff (D:9)
  A spriggan (D:7)
  3 water moccasins
  A porcupine (Lair:1)
  A black bear (D:7)
  3 orc warriors
  4 ice beasts
  A sky beast (D:6)
  A phantom (D:7)
  3 centaurs
  3 ogres
  2 crocodiles (Lair:1)
  Blork the orc (D:4)
  A big kobold (D:6)
  7 bullfrogs
  3 scorpions
  A howler monkey (D:9)
  An electric eel (D:9)
  3 crimson imps
  2 bullfrog zombies
  2 centaur zombies (D:5)
  3 quasits
  5 orc priests
  3 hounds
  4 jellies
  2 bullfrog skeletons
  6 orc wizards
  An iguana (D:7)
  7 worker ants
  A hound zombie (D:5)
  A hound skeleton (D:5)
  3 worker ant zombies (D:5)
  15 adders
  A howler monkey skeleton (D:6)
  A shadow imp (D:9)
  3 oozes
  3 adder zombies
  An adder skeleton (D:8)
  A worm (D:2)
  A dart slug (D:1)
  3 leopard geckos
  27 orcs
  10 bats
  11 giant cockroaches
  7 goblins
  5 hobgoblins
  4 jackals (D:7)
  15 kobolds
  4 quokkas
  2 ball pythons
  3 frilled lizards
  A giant cockroach zombie (D:5)
  A jackal skeleton (D:5)
  A jackal zombie (D:5)
  A leopard gecko skeleton (D:7)
  A quokka skeleton (D:6)
  A quokka zombie (D:5)
  7 rats
216 creatures vanquished.

Notes
Turn   | Place    | Note
-------+----------+-------------------------------------------
     0 | D:1      | manyhoops the Vine Stalker Enchanter began the quest for the Orb.
     0 | D:1      | Reached XP level 1. HP: 9/9 MP: 4/4
    68 | D:1      | Reached skill level 1 in Short Blades
   145 | D:1      | Reached XP level 2. HP: 7/13 MP: 6/6
   409 | D:1      | Learned a level 2 spell: Ensorcelled Hibernation
   712 | D:1      | Reached XP level 3. HP: 16/16 MP: 7/7
  1233 | D:2      | Gained mutation: Your natural rate of healing is unusually fast. [Vine Stalker growth]
  1233 | D:2      | Reached XP level 4. HP: 21/21 MP: 5/8
  1765 | D:3      | Reached skill level 5 in Stealth
  1969 | D:3      | Noticed an orc warrior
  2015 | D:3      | Reached XP level 5. HP: 24/24 MP: 6/9
  2026 | D:2      | Killed an orc warrior
  2049 | D:3      | Reached XP level 6. HP: 28/28 MP: 7/10
  2649 | D:4      | Learned a level 3 spell: Confuse
  2653 | D:4      | Learned a level 3 spell: Tukima's Dance
  2848 | D:4      | Reached skill level 5 in Short Blades
  2883 | D:4      | Noticed Blork the orc
  2889 | D:4      | Killed Blork the orc
  2889 | D:4      | Reached XP level 7. HP: 32/32 MP: 11/11
  2903 | D:4      | Found a shadowy altar of Dithmenos.
  2903 | D:4      | Found an opulent altar of Gozag.
  2926 | D:4      | Found a burning altar of Makhleb.
  2950 | D:4      | Became a worshipper of Dithmenos the Shadowed
  3649 | D:5      | Entered Level 5 of the Dungeon
  3737 | D:5      | Found Zanasch's Weapon Shop.
  3751 | D:5      | Reached skill level 1 in Shields
  3774 | D:5      | Found a staircase to the Ecumenical Temple.
  3874 | D:5      | Gained mutation: You have razor-sharp teeth. [Vine Stalker growth]
  3874 | D:5      | Reached XP level 8. HP: 36/36 MP: 8/12
  3908 | D:5      | Found a bloodstained altar of Trog.
  3970 | D:5      | Reached * piety under Dithmenos
  4597 | D:6      | Reached XP level 9. HP: 39/39 MP: 9/13
  4843 | D:6      | Reached ** piety under Dithmenos
  4994 | D:6      | Reached skill level 5 in Spellcasting
  5138 | D:7      | Found a shadowy altar of Dithmenos.
  5270 | D:7      | Found a glowing silver altar of Zin.
  5319 | D:7      | Found a shattered altar of Ashenzari.
  5357 | D:7      | Found Sifaudan's Food Boutique.
  5407 | D:7      | Learned a level 3 spell: Dazzling Spray
  5408 | D:7      | Found Edeu's Distillery.
  5418 | D:7      | Bought a potion of curing for 39 gold pieces
  5452 | D:7      | Found Ceafoito's Magic Scroll Shoppe.
  5455 | D:7      | Bought a scroll of identify for 26 gold pieces
  5455 | D:7      | Bought a scroll of enchant armour for 97 gold pieces
  5455 | D:7      | Bought a scroll of enchant armour for 97 gold pieces
  5659 | D:7      | Found Beomaov's Antique Weapon Shoppe.
  5667 | D:7      | Found Toschu's Weapon Shop.
  5956 | D:7      | Reached skill level 1 in Fighting
  6202 | D:8      | Reached *** piety under Dithmenos
  6435 | D:8      | Found a staircase to the Lair.
  6763 | D:9      | Reached XP level 10. HP: 47/47 MP: 21/21
  7280 | D:9      | Noticed a two-headed ogre
  7346 | D:9      | Killed a two-headed ogre
  7346 | D:9      | Reached skill level 5 in Dodging
  7577 | Lair:1   | Entered Level 1 of the Lair of Beasts
  7577 | Lair:1   | Noticed a spiny frog
  7626 | Lair:1   | Noticed a black mamba
  7635 | Lair:1   | Killed a black mamba
  7744 | Lair:1   | Noticed a spiny frog
  7748 | Lair:1   | Killed a spiny frog
  7776 | Lair:1   | Killed a spiny frog
  7926 | Lair:1   | Noticed a six-headed hydra
  7932 | Lair:1   | Slain by a six-headed hydra

Skill      XL: |  1  2  3  4  5  6  7  8  9 10 |
---------------+-------------------------------+-----
Short Blades   | 1 2 3 4 5 7 |  7.9
Stealth        | 4 5 6 7 |  7.3
Shields        | 3 4 |  4.5
Spellcasting   | 6 |  6.6
Dodging        | 3 7 |  7.3
Fighting       | 2 4 |  4.6
Hexes          | |  3.0

Action                   |  1- 3 |  4- 6 |  7- 9 | 10-12 || total
-------------------------+-------+-------+-------+-------++-------
Melee: Dagger            |   141 |    27 |   127 |    77 ||   372
       Bite              |    31 |    21 |   106 |    20 ||   178
       Rapier            |       |    70 |   244 |       ||   314
 Cast: Corona            |     7 |     1 |     2 |       ||    10
       Ensorcelled Hiber |     7 |    16 |    27 |     8 ||    58
       Confuse           |       |       |    12 |     3 ||    15
       Dazzling Spray    |       |       |     2 |     9 ||    11
Invok: Shadow Step       |       |       |       |     3 ||     3
Evoke: Wand              |       |     2 |       |     3 ||     5
  Use: Scroll            |     6 |     1 |     8 |       ||    15
       Potion            |       |       |     3 |       ||     3
 Stab: Sleeping          |     9 |    17 |    36 |    12 ||    74
       Distracted        |       |     1 |     1 |     1 ||     3
       Confused          |       |       |     3 |     2 ||     5
  Eat: Chunk             |     1 |     7 |    15 |     5 ||    28
Armor: Robe              |    66 |    18 |    82 |     6 ||   172
Dodge: Dodged            |   145 |    60 |   181 |    34 ||   420
Block: Other             |       |       |     3 |       ||     3
       Buckler           |       |       |    76 |    31 ||   107
       Reflection        |       |       |     4 |       ||     4
